[Event "Late-Titled-Tuesday-Blitz-March-26-2024"]
[Site "Chess.com"]
[Date "2024.03.26"]
[Round "11"]
[White "Aram7Adam"]
[Black "simaopdias"]
[Result "1-0"]
[WhiteElo "2419"]
[BlackElo "2292"]
[TimeControl "180+1"]
[EndTime "16:04:54 PDT"]
[Termination "Aram7Adam won by resignation"]

1. e4 c5 2. Nf3 g6 3. d4 cxd4 4. Nxd4 Nc6 5. c4 Bg7 6. Be3 Nf6 7. Nc3 O-O 8. f3 d6 9. Be2 Bd7 10. Qd2 Nxd4 11. Bxd4 Bc6 12. O-O Nd7 13. Be3 a5 14. Rad1 Nc5 15. b3 Be5 16. f4 Bxc3 17. Qxc3 Nxe4 18. Qd4 f5 19. Bc1 Nf6 20. Bb2 Qc7 21.
g4 Be4 22. g5 e5 23. Qxd6 Qxd6 24. Rxd6 Ne8 25. Rd5 Bxd5 26. cxd5 e4 27. Be5 Rf7 28. Rc1 Rd7 29. Bb5 Rdd8 30. Bxe8 Rxe8 31. Rc7 Rac8 32.
Rxb7 Rc1+ 33. Kf2 Rc2+ 34. Ke3 Rxh2 35. d6 Rd8 36. Rg7+ Kf8 37. Rc7 h6 38. Bf6 Rh3+ 39. Kf2 Re8 40. d7 hxg5 41. dxe8=Q+ Kxe8 42. Bxg5 Rh2+ 43. Ke3 Rxa2 44. Rb7 Rb2 45. Kd4 a4 46. b4 a3 47. Ke5 a2 48. Ke6 Kf8 49. Kf6 Ke8 50.
Ke6 Kf8 51. Ra7 Rxb4 52. Be7+ Ke8 53. Bxb4 1-0

[Event "Late-Titled-Tuesday-Blitz-March-26-2024"]
[Site "Chess.com"]
[Date "2024.03.26"]
[Round "11"]
[White "mbojan"]
[Black "only_strong_moves"]
[Result "1-0"]
[WhiteElo "2905"]
[BlackElo "2702"]
[TimeControl "180+1"]
[EndTime "16:04:58 PDT"]
[Termination "mbojan won by resignation"]

1. e4 e5 2. Nf3 Nc6 3. Bb5 a6 4. Ba4 Nge7 5. O-O Ng6 6. c3 d5 7. exd5 Qxd5 8. Bb3 Qd3 9. Bc2 Qd5 10. Bb3 Qd3 11. Bc2 Qd5 12. d4 Bg4 13. dxe5 Bxf3 14.
Qxf3 Qxf3 15. gxf3 Ngxe5 16. Kg2 O-O-O 17. Nd2 Nd3 18. Ne4 Nxc1 19. Raxc1 h6 20. Bb3 f6 21. Rcd1 Be7 22.
Ng3 Bd6 23. Nf5 g6 24. Nxd6+ cxd6 25. Rfe1 Rhf8 26. Bc2 Kd7 27. h4 f5 28. h5 gxh5 29. f4 Ne7 30. Kf3 Ng6 31. Rh1 h4 32. Rdg1 Ne7 33. Rxh4 Rf6 34. Rg7 Re8 35. Rh7 Rg8 36.
R4xh6 Rxh6 37. Rxh6 Rg1 38. Rh7 Ke6 39. Bb3+ d5 40.
Rh6+ Kd7 41. Ba4+ b5 42. Bb3 a5 43. a4 b4 44. cxb4 axb4 45. a5 Nc6 46. Ba4 Rc1 47. Ke3 Kc7 48. Rxc6+ Rxc6 49. Bxc6 Kxc6 50. Kd4 Kb5 51. b3 Kxa5 52. Kxd5 Kb5 53. Kd4 Kb6 54. Kc4 Kc6 55. Kxb4 Kd5 56. Kc3 Ke4 57. b4 Kxf4 58. b5 Kf3 59. b6 Kxf2 60. b7 f4 61. b8=Q f3 62. Qh2+ Kf1 63. Qh3+ Ke2 64. Qg4 Ke3 65. Qd4+ Ke2 66. Qe4+ Kf2 67. Kd2 1-0

[Event "Late-Titled-Tuesday-Blitz-March-26-2024"]
[Site "Chess.com"]
[Date "2024.03.26"]
[Round "11"]
[White "Byniolus"]
[Black "Zkid"]
[Result "1-0"]
[WhiteElo "2757"]
[BlackElo "2898"]
[TimeControl "180+1"]
[EndTime "16:04:59 PDT"]
[Termination "Byniolus won by resignation"]

1. d4 Nf6 2. Nf3 g6 3. Bf4 Bg7 4.
e3 O-O 5. Be2 Nh5 6. Bg5 h6 7.
Bh4 g5 8. Nfd2 Nf4 9. exf4 gxh4 10. c3 d6 11. Nf3 c5 12. dxc5 dxc5 13. Qxd8 Rxd8 14.
Nxh4 Nd7 15. Nf5 Bf8 16. Nd2 Nb6 17. Ne3 Na4 18. O-O-O Be6 19. Bc4 Bd7 20. Nf3 e6 21. Ne5 Be8 22. Rxd8 Rxd8 23. Rd1 Rxd1+ 24. Nxd1 b5 25.
Be2 Bd6 26. g3 c4 27. b3 cxb3 28. axb3 Nc5 29. b4 Ne4 30. Bf3 Nf6 31. Ne3 Kg7 32.
Kc2 Kf8 33. Kd3 Bc7 34. Nc2 a5 35. bxa5 Bxa5 36. Nd4 b4 37. Nec6 Bxc6 38. Nxc6 Bb6 39. cxb4 Bxf2 40. g4 Bg1 41. h4 Bf2 42. g5 Nd7 43. gxh6 Bxh4 44. Ne5 Nxe5+ 45. fxe5 f6 46. Bg4 fxe5 47. Bxe6 Bg5 48. b5 Bd8 49. Ke4 Bc7 50. Kd5 Bb8 51. Ke4 Bc7 52. Kf5 Bd6 53. b6 Bb8 54. b7 e4 55. Kxe4 Bc7 56. Kf5 Bg3 57. Kg6 Ke7 58. Bf7 Be5 59. h7 Kd7 60.
h8=Q Bxh8 61. b8=Q Bd4 62. Qe8+ Kd6 63. Qe6+ Kc5 64. Qd5+ Kb6 65. Qxd4+ 1-0

[Event "Late-Titled-Tuesday-Blitz-March-26-2024"]
[Site "Chess.com"]
[Date "2024.03.26"]
[Round "11"]
[White "UK_23"]
[Black "noblerone"]
[Result "1/2-1/2"]
[WhiteElo "2402"]
[BlackElo "2522"]
[TimeControl "180+1"]
[EndTime "16:04:59 PDT"]
[Termination "Game drawn by repetition"]

1. e4 c5 2. Nf3 e6 3. g3 Nf6 4.
Qe2 Nc6 5. Bg2 d6 6. O-O Be7 7. Rd1 O-O 8. d4 cxd4 9. Nxd4 Nxd4 10. Rxd4 Qc7 11. c4 a6 12. Nc3 Bd7 13. b3 Bc6 14.
Bb2 Rac8 15. Rc1 Qa5 16. Rdd1 Rfd8 17. a3 Qh5 18. Bf3 Qg6 19. b4 h5 20. h3 h4 21.
g4 Nh5 22. Bg2 Nf4 23. Qf3 e5 24. Nd5 Bxd5 25. cxd5 Bg5 26. Rc3 Rxc3 27. Bxc3 Rc8 28.
Bd2 Qf6 29. Bxf4 Bxf4 30. Bf1 Qe7 31. b5 axb5 32. Bxb5 Rc5 33. a4 Qc7 34. Kg2 Rc2 35.
Rf1 Qc5 36. Bd7 g6 37. Qb3 b6 38. Bb5 Kg7 39. Bc6 Rc3 40. Qb5 Qd4 41. Qe2 Qb4 42. Rd1 Qa3 43. Bb5 Rxh3 44. Rd3 Rh2+ 45. Kf3 Qc1 46. Rd1 Qc5 47. Rd3 Rh1 48. Rd1 Rh3+ 49.
Kg2 Rc3 50. Rd3 h3+ 51. Kxh3 Rc1 52. Kg2 Rc2 53. Qf3 Rc1 54. Rd1 Rc3 55. Rd3 Rc2 56. Rd1 Qc8 57. Rd3 Qd8 58. Rc3 Rd2 59. Rd3 Rb2 60. Rb3 Rc2 61. Rc3 Rxc3 62. Qxc3 Qg5 63.
Qf3 Qh4 64. Qh3 Qg5 65. Qf3 Bd2 66. Bd3 Bf4 67. Bb5 1/2-1/2

[Event "Late-Titled-Tuesday-Blitz-March-26-2024"]
[Site "Chess.com"]
[Date "2024.03.26"]
[Round "11"]
[White "Navyblue1"]
[Black "WilsonPalencia21"]
[Result "0-1"]
[WhiteElo "2284"]
[BlackElo "2585"]
[TimeControl "180+1"]
[EndTime "16:05:05 PDT"]
[Termination "WilsonPalencia21 won on time"]

1. d4 Nf6 2. c4 c5 3. d5 e6 4. Nc3 exd5 5. cxd5 d6 6. e4 g6 7. f4 Bg7 8. Bb5+ Nfd7 9. a4 Na6 10. Nf3 Nb4 11. O-O a6 12. Be2 O-O 13. Re1 Nf6 14. h3 Re8 15. Bc4 Nd7 16. e5 dxe5 17. d6 Nb6 18. Bxf7+ Kxf7 19. Ng5+ Kg8 20. Qb3+ c4 21. Qxb4 a5 22. Qc5 h6 23. Nf3 Bf5 24. fxe5 Bd3 25. Be3 Nd7 26. Qd5+ Kh7 27. Bd4 Nb6 28. Bxb6 Qxb6+ 29. Kh1 Qxb2 30. Ne4 Rad8 31. Nc5 Bf5 32.
Qxc4 b6 33. Ne4 Bxe4 34. Qxe4 Rxd6 35. Qf4 Rde6 36. Rab1 Qc2 37. Rbc1 Qb3 38. Rb1 Qd5 39. Rbd1 Qc6 40. Rc1 Qd7 41. Red1 Qe7 42. Rb1 Bxe5 43. Nxe5 Rxe5 44. Qd4 Qc5 45. Qd7+ R8e7 46. Qd8 Qc7 47.
Qxc7 Rxc7 48. Rxb6 h5 49. Ra6 Rc4 50. Rd7+ Kh6 51.
Rdd6 Rg5 52. Rdb6 Rc1+ 53. Kh2 Rc2 54. Rb5 Rgxg2+ 55. Kh1 Rh2+ 56. Kg1 Rhd2 57. Rb1 Rg2+ 58.
Kh1 Rh2+ 59. Kg1 Rcg2+ 60. Kf1 Ra2 61. Kg1 Rxh3 62. Rxa5 Rha3 0-1

[Event "Late-Titled-Tuesday-Blitz-March-26-2024"]
[Site "Chess.com"]
[Date "2024.03.26"]
[Round "11"]
[White "EternalNight8"]
[Black "rhwr"]
[Result "0-1"]
[WhiteElo "2432"]
[BlackElo "2328"]
[TimeControl "180+1"]
[EndTime "16:05:05 PDT"]
[Termination "rhwr won by checkmate"]

1. e4 c5 2. Nf3 d6 3. d4 cxd4 4. Nxd4 Nf6 5. Nc3 e5 6. Bb5+ Bd7 7. Bxd7+ Qxd7 8. Nf5 d5 9. Nxd5 Nxe4 10. O-O Nc6 11. f3 Nd6 12. Nxd6+ Bxd6 13. Be3 O-O 14. Qd2 Rfd8 15. Rad1 Rac8 16. Kh1 b6 17. Qf2 Ne7 18. Qg3 Nxd5 19. Rxd5 Qe6 20. Rfd1 Be7 21. Rxd8+ Rxd8 22. Rxd8+ Bxd8 23. b3 Qd5 24. Qe1 f5 25. h3 Be7 26.
Qd2 Qxd2 27. Bxd2 Kf7 28. Kg1 Ke6 29. Kf2 Bc5+ 30. Ke2 Kd5 31. Bc3 b5 32. Bb2 g6 33.
a4 a6 34. axb5 axb5 35. Kd3 b4 36. c4+ bxc3 37. Bxc3 e4+ 38. fxe4+ fxe4+ 39. Ke2 h5 40. Bd2 Bd4 41. g3 Be5 42. Be1 Kd4 43. Bf2+ Kc3 44. Ke3 Bd4+ 45. Ke2 Bxf2 46. Kxf2 Kd2 47. b4 e3+ 48.
Kf3 e2 49. Kf4 e1=Q 50. b5 Qe6 51. Kg5 Qxh3 52. Kxg6 Qxg3+ 53. Kxh5 Qe5+ 54. Kg4 Qxb5 55. Kf4 Qe8 56. Kf5 Kd3 57. Kf6 Ke4 58. Kg5 Ke5 59. Kg4 Qf7 60. Kg3 Ke4 61. Kg2 Qf4 62. Kg1 Ke3 63. Kh1 Qg4 64. Kh2 Kf2 65. Kh1 Qg2# 0-1

[Event "Late-Titled-Tuesday-Blitz-March-26-2024"]
[Site "Chess.com"]
[Date "2024.03.26"]
[Round "11"]
[White "Durarbayli"]
[Black "GMG"]
[Result "1-0"]
[WhiteElo "2948"]
[BlackElo "2797"]
[TimeControl "180+1"]
[EndTime "16:05:07 PDT"]
[Termination "Durarbayli won on time"]

1. e4 c6 2. d4 d5 3. exd5 cxd5 4. c4 Nf6 5. Nc3 Nc6 6. Nf3 Be6 7. c5 g6 8. Bb5 Bg7 9. Ne5 Bd7 10. Bxc6 bxc6 11. O-O Ne4 12. Qf3 Bxe5 13. dxe5 Nxc5 14. Bh6 Bf5 15. Rfd1 Ne4 16. Rac1 Qb8 17. Nxe4 Bxe4 18. Qc3 Qb7 19. e6 f6 20. Qxc6+ Qxc6 21. Rxc6 d4 22.
Rc7 Bd5 23. Re1 Bxa2 24. h4 Rg8 25. Bd2 a5 26. Bxa5 g5 27. Bb4 Rg7 28. hxg5 fxg5 29. Ra1 Kd8 30. Rd7+ Ke8 31. Rxd4 Rg6 32. b3 Rxe6 33. Rd2 Rea6 34. Re2 e6 35. Re3 h5 36. g3 h4 37. g4 Kf7 38. Bc5 Rc6 39. Bd4 Rcc8 40. Rf3+ Ke8 41. Re1 Rc6 42. Ra1 Rca6 43. Bf6 Ra5 44. Re1 R8a6 45. Rfe3 Kf7 46. Be5 Rb5 47. Rf3+ Ke8 48. Ree3 Ra3 49. Rf6 Raxb3 50. Rxe6+ Kd7 51. Rd6+ Kc8 52. Bc3 Rb1+ 53. Kh2 Bd5 54.
f3 R1b3 55. Rg6 Bc4 56. Rc6+ Kd7 57. Rxc4 Rd5 58. Rd4 Rxd4 59. Bxd4 1-0

[Event "Late-Titled-Tuesday-Blitz-March-26-2024"]
[Site "Chess.com"]
[Date "2024.03.26"]
[Round "11"]
[White "Kildepiotr"]
[Black "TigrVShlyape"]
[Result "1/2-1/2"]
[WhiteElo "2753"]
[BlackElo "2907"]
[TimeControl "180+1"]
[EndTime "16:05:07 PDT"]
[Termination "Game drawn by stalemate"]

1. Nf3 Nf6 2. g3 d5 3. Bg2 c6 4. O-O Bf5 5. d3 h6 6. Nbd2 e6 7. Qe1 Bh7 8. e4 Be7 9. Qe2 a5 10.
a4 O-O 11. b3 Nbd7 12. Bb2 Bb4 13. e5 Ne8 14. Ne1 b5 15. f4 Qb6+ 16. Kh1 Nc7 17.
Nef3 bxa4 18. Rxa4 Nb5 19. Nb1 Nc5 20. Ra2 a4 21. bxa4 Rxa4 22. Rxa4 Nxa4 23. Ba1 c5 24. Qf2 Nac3 25. Nxc3 Nxc3 26. g4 Ra8 27. g5 h5 28. Nh4 Bg6 29. f5 exf5 30. Nxf5 Re8 31. Bxc3 Bxc3 32. Bxd5 Rxe5 33. Bxf7+ Kh7 34. Bxg6+ Qxg6 35. h4 Qc6+ 36. Qf3 Qxf3+ 37. Rxf3 Kg6 38. Nd6 Be1 39. Rf4 Bg3 40. Re4 Rxe4 41. Nxe4 Bxh4 42. Nxc5 Bxg5 43. Kg2 Kf5 44. Kf3 Bf4 45. Ne4 g5 46. Ng3+ Kg6 47. c4 Be5 48. Ne2 g4+ 49. Ke4 Bb8 50. d4 h4 51. Nf4+ Kg5 52. Ne6+ Kf6 53. Nf4 h3 54. Nxh3 gxh3 55. Kf3 Kf5 56. Kf2 Bh2 57. c5 Ke6 58. Kf3 Bf4 59. Kf2 Bh2 60. Kf3 Bc7 61. Kf2 Kd5 62. Kg1 Kxd4 63. c6 Kd5 64.
Kh1 Kxc6 65. Kg1 Kd5 66. Kh1 Ke4 67. Kg1 Kf3 68. Kh1 Kf2 1/2-1/2

[Event "Late-Titled-Tuesday-Blitz-March-26-2024"]
[Site "Chess.com"]
[Date "2024.03.26"]
[Round "11"]
[White "m_ezat"]
[Black "Supelyel"]
[Result "1/2-1/2"]
[WhiteElo "2549"]
[BlackElo "2413"]
[TimeControl "180+1"]
[EndTime "16:05:07 PDT"]
[Termination "Game drawn - insufficient material"]

1. d4 d6 2. c4 Nf6 3. Nc3 Nbd7 4. Nf3 e5 5. Bg5 Be7 6. Qc2 c6 7. e3 h6 8. Bh4 O-O 9. O-O-O Qe8 10. Bd3 a6 11. Kb1 b5 12. h3 b4 13. Ne4 Nxe4 14. Bxe4 Bb7 15. dxe5 dxe5 16. Bf5 Nc5 17. Bg3 Bf6 18. Rd6 Qe7 19. Rhd1 g6 20. Rd7 Qe8 21. R7d6 Bg7 22. Bxg6 fxg6 23. Rxg6 Rf6 24. Rxg7+ Kxg7 25. Bxe5 Kf7 26. Bxf6 Kxf6 27. Qh7 Qf7 28. Qxh6+ Qg6+ 29. Qxg6+ Kxg6 30. g4 Rf8 31. Ne5+ Kg7 32. f4 Bc8 33. Nxc6 Bb7 34. Ne5 Be4+ 35. Kc1 Re8 36. Rd6 a5 37. b3 a4 38. Rb6 axb3 39. axb3 Kf8 40. Kb2 Nd3+ 41. Nxd3 Bxd3 42. Rxb4 Rxe3 43. Rb5 Rxh3 44. Rd5 Be4 45. Rd2 Rg3 46. g5 Rf3 47. Re2 Rxf4 48.
Kc3 Bf5 49. Kb4 Rg4 50. Re5 Rxg5 51. Kc5 Kf7 52. b4 Kf6 53. b5 Rg6 54. Rd5 Be4 55.
Rd6+ Kf5 56. Rxg6 Kxg6 57. Kd6 Kf7 58. Kd7 Bf5+ 59. Kd6 Ke8 60. c5 Kd8 61. c6 Kc8 62.
b6 Be4 63. b7+ Kb8 64. Kd7 Bf5+ 65. Kd8 Bh3 66. c7+ Kxb7 67. c8=Q+ Bxc8 1/2-1/2

[Event "Late-Titled-Tuesday-Blitz-March-26-2024"]
[Site "Chess.com"]
[Date "2024.03.26"]
[Round "11"]
[White "ImportedItalianMaple"]
[Black "Romkachess"]
[Result "1/2-1/2"]
[WhiteElo "2526"]
[BlackElo "2677"]
[TimeControl "180+1"]
[EndTime "16:05:08 PDT"]
[Termination "Game drawn - timeout vs insufficient material"]

1. Nf3 Nf6 2. g3 e6 3. Bg2 b6 4. O-O Bb7 5. c4 Be7 6. b3 O-O 7. Bb2 c5 8. d4 cxd4 9. Qxd4 Nc6 10. Qf4 d5 11. Rd1 Qb8 12. Qxb8 Raxb8 13. cxd5 Nxd5 14.
Nc3 Nxc3 15. Bxc3 Nb4 16. Rd7 Bc5 17. Ne5 Bxg2 18. Kxg2 Nd5 19. Bb2 a5 20. Nd3 Rfd8 21. Nxc5 bxc5 22. Rxd8+ Rxd8 23. Rc1 Rc8 24. Bd4 Nb4 25.
Rxc5 Rxc5 26. Bxc5 Nxa2 27. Be3 Nb4 28. Bb6 Nc6 29. Kf3 Kf8 30. Ke4 Ke7 31. Kd3 Kd7 32. Kc4 a4 33. bxa4 Ne5+ 34. Kb5 Kc8 35. f3 f6 36. a5 Kb7 37. Kc5 Nf7 38. Kb5 Nd6+ 39. Kc5 Nf7 40. e4 h5 41. f4 Nh6 42. Kd6 Ng4 43. Kxe6 Nxh2 44. Kf7 Nf1 45. Bf2 Nd2 46.
e5 fxe5 47. fxe5 Ne4 48. e6 Ng5+ 49. Ke7 Ne4 50. Be1 g5 51. Kf7 Nd6+ 52. Kf6 h4 53. gxh4 gxh4 54. Bxh4 Ne8+ 55. Ke7 Nc7 1/2-1/2

[Event "Late-Titled-Tuesday-Blitz-March-26-2024"]
[Site "Chess.com"]
[Date "2024.03.26"]
[Round "11"]
[White "Eloist"]
[Black "Zq1"]
[Result "1-0"]
[WhiteElo "2493"]
[BlackElo "2605"]
[TimeControl "180+1"]
[EndTime "16:05:08 PDT"]
[Termination "Eloist won on time"]

1. e4 c5 2. Nf3 d6 3. Bb5+ Bd7 4. Bxd7+ Qxd7 5. c4 e5 6. Nc3 g6 7. O-O Bg7 8. d3 Ne7 9. Rb1 Nbc6 10. a3 O-O 11. b4 b6 12. Bd2 h6 13. bxc5 dxc5 14. Nd5 Nxd5 15. cxd5 Ne7 16. Bc3 f6 17. a4 Nc8 18.
Nd2 Nd6 19. Nc4 Rab8 20. h3 Rfe8 21. Qg4 f5 22. Qxg6 Nxc4 23. dxc4 f4 24. a5 f3 25.
axb6 axb6 26. Rxb6 Rxb6 27. Qxb6 Qf7 28. Re1 Kh7 29.
Re3 fxg2 30. Kxg2 Bf6 31. Rf3 Qg6+ 32. Kf1 Rf8 33. Bxe5 Qxe4 34. Qc7+ Kg6 35. Rxf6+ Rxf6 36. Bxf6 Qh1+ 37. Ke2 Qe4+ 38. Kd2 Qf4+ 39. Kc3 Qc1+ 40. Kb3 Qd1+ 41. Kb2 Qd2+ 42. Ka1 Qc1+ 43. Ka2 Qxc4+ 44.
Ka1 Qc1+ 45. Ka2 Qc4+ 46. Kb2 Kxf6 47. Qc6+ Kg5 48. d6 Qb4+ 49. Kc2 Qc4+ 50. Kd2 Qd4+ 51. Ke2 Qc4+ 52. Kf3 Qd3+ 53. Kg2 Kf6 54. d7+ Ke7 55. Qxc5+ Kxd7 56. Qe3 Qg6+ 57. Qg3 Qe4+ 58. Qf3 Qg6+ 59. Qg4+ Qxg4+ 60. hxg4 1-0

[Event "Late-Titled-Tuesday-Blitz-March-26-2024"]
[Site "Chess.com"]
[Date "2024.03.26"]
[Round "11"]
[White "zverr1"]
[Black "ploxoi"]
[Result "1-0"]
[WhiteElo "2556"]
[BlackElo "2432"]
[TimeControl "180+1"]
[EndTime "16:05:13 PDT"]
[Termination "zverr1 won by checkmate"]

1. e4 c6 2. d4 d5 3. Nc3 dxe4 4. Nxe4 Nf6 5. Nxf6+ exf6 6. Bc4 Bd6 7. Qe2+ Qe7 8. Qxe7+ Kxe7 9. Ne2 Nd7 10. Bd3 Nb6 11.
c3 Be6 12. Nf4 Rhe8 13. O-O Kf8 14. Bd2 Bc4 15. Rfd1 Bxd3 16. Nxd3 Nc4 17. b3 Nxd2 18. Rxd2 Re4 19. f3 Re3 20. Kf2 Rae8 21. g3 f5 22.
Rc1 g6 23. Ne5 R3xe5 24. dxe5 Bc5+ 25. Kg2 Be3 26. Rcd1 Bxd2 27. Rxd2 Rxe5 28. Kf2 Ke7 29. Rd4 Ra5 30. a4 Rc5 31. c4 a5 32. f4 b5 33. cxb5 cxb5 34. b4 Rc2+ 35. Kf3 bxa4 36.
bxa5 a3 37. Ra4 Rc3+ 38. Kg2 Rc2+ 39. Kf3 Rc3+ 40. Kf2 Rc2+ 41. Ke3 Rc7 42. a6 Ra7 43. Kd4 Kd6 44. Rxa3 f6 45. Ra1 Kc6 46. Rc1+ Kb6 47. Kd5 Rd7+ 48. Ke6 Rd2 49. a7 Kxa7 50. Rc7+ Kb6 51.
Rxh7 g5 52. fxg5 fxg5 53. Kxf5 Rd5+ 54. Kg4 Kc5 55. Rg7 Rd2 56. Rxg5+ Kd6 57. h4 Ke6 58. Ra5 Rd4+ 59. Kh5 Kf6 60. g4 Rd8 61. Ra6+ Kf7 62. g5 Kg7 63. Ra7+ Kg8 64. Kh6 Rd6+ 65. g6 Rd8 66.
Rg7+ Kh8 67. Ra7 Kg8 68. h5 Kh8 69. Kg5 Rd5+ 70. Kf6 Rd6+ 71. Ke7 Rd5 72. h6 Re5+ 73. Kf6 Re8 74. Re7 Rf8+ 75. Rf7 Rg8 76. g7+ Kh7 77. Rf8 Rxg7 78. hxg7 Kh6 79. Rh8# 1-0

[Event "Late-Titled-Tuesday-Blitz-March-26-2024"]
[Site "Chess.com"]
[Date "2024.03.26"]
[Round "11"]
[White "Genghis_K"]
[Black "Adar_07"]
[Result "0-1"]
[WhiteElo "2906"]
[BlackElo "2796"]
[TimeControl "180+1"]
[EndTime "16:05:16 PDT"]
[Termination "Adar_07 won by resignation"]

1. e4 c5 2. Nf3 Nc6 3. Bb5 g6 4. O-O Bg7 5. c3 Nf6 6. Re1 O-O 7. d4 cxd4 8. cxd4 d5 9. e5 Ne8 10.
Nc3 Bg4 11. Bxc6 bxc6 12. h3 Bxf3 13. Qxf3 Nc7 14. Be3 Rb8 15. b3 c5 16. dxc5 Bxe5 17.
Bh6 Bg7 18. Bxg7 Kxg7 19. Rad1 e6 20. Ne4 dxe4 21. Qc3+ Qf6 22. Qxf6+ Kxf6 23. Rd7 Rbc8 24. Rxe4 Nd5 25. Rc4 Rc7 26. Rf4+ Ke5 27. Rxc7 Nxc7 28. Rb4 Kd5 29. Rb7 Kc6 30. Rxa7 Ra8 31. Rxa8 Nxa8 32. g4 Kxc5 33. Kg2 Nc7 34. Kf3 Nd5 35. Ke4 f6 36. a3 Nc3+ 37. Kd3 Nb5 38. a4 Nd6 39. f3 Kb4 40.
Kd4 Nf7 41. a5 Kxa5 42. Kc5 Ka6 43. Kc6 Ne5+ 44. Kd6 Nxf3 45. Kxe6 f5 46. gxf5 Nd4+ 47. Kd5 Nxf5 48. Kc6 Nd4+ 49. Kd5 Nxb3 50. Ke5 Nd2 51. Kf6 Nf3 52. Kg7 g5 53. Kxh7 Kb5 54. Kg6 Kc4 55. Kf5 Kd4 56. Kg4 Ke4 57. Kg3 Ne5 58. Kg2 Kf4 59. Kf2 Ng6 60. Kg2 Nh4+ 61. Kf2 Nf5 62. Kg2 Ke3 63. Kg1 Kf3 64. Kh2 Nh4 0-1

[Event "Late-Titled-Tuesday-Blitz-March-26-2024"]
[Site "Chess.com"]
[Date "2024.03.26"]
[Round "11"]
[White "BallottiLuca"]
[Black "a-z30"]
[Result "1-0"]
[WhiteElo "2370"]
[BlackElo "2462"]
[TimeControl "180+1"]
[EndTime "16:05:18 PDT"]
[Termination "BallottiLuca won by checkmate"]

1. d4 Nf6 2. c4 e6 3. Nc3 Bb4 4. Qc2 c5 5. dxc5 O-O 6. a3 Bxc5 7. Nf3 b6 8. Bf4 Bb7 9. Rd1 Nc6 10.
e3 Nh5 11. Bg3 f5 12. Be2 f4 13. Bh4 Be7 14. Bxe7 Qxe7 15. e4 d6 16. O-O e5 17.
Nd5 Qf7 18. c5 bxc5 19. Ng5 Qg6 20. h4 Nd4 21. Rxd4 Bxd5 22. Rxd5 h6 23. Bxh5 Qxh5 24. Nf3 g5 25. hxg5 hxg5 26. Nh2 g4 27. Qd1 f3 28. Rxd6 g3 29. fxg3 f2+ 30. Kh1 Qxd1 31. Rdxd1 Rf6 32. Ng4 Kg7 33. Rxf2 Rh8+ 34. Kg1 Rg6 35. Rd7+ Kg8 36. Nf6+ Kf8 37. Rd8+ Kg7 38. Rxh8 Kxh8 39. Nd7 Rxg3 40. Nxc5 Re3 41. Rc2 Kg7 42. b4 Kg6 43. a4 Kg5 44.
Kf2 Ra3 45. a5 Kf4 46. Rb2 Rc3 47. a6 Rc1 48. Nd3+ Kxe4 49. Nxc1 Kd4 50. Ne2+ Kd3 51.
b5 e4 52. b6 e3+ 53. Kf3 axb6 54. a7 Kc4 55. a8=Q b5 56. Qc8+ Kd5 57. Qd7+ Ke5 58.
Qd4+ Ke6 59. Qxe3+ Kf5 60. Qd3+ Ke6 61. Qb3+ Kd7 62. Rd2+ Kc8 63. Qg8+ Kc7 64. Qf7+ Kc6 65. Qe6+ Kc5 66. Qd5+ Kb4 67. Rb2+ Ka5 68. Qxb5# 1-0

[Event "Late-Titled-Tuesday-Blitz-March-26-2024"]
[Site "Chess.com"]
[Date "2024.03.26"]
[Round "11"]
[White "Oleg_Papayan"]
[Black "eljanov"]
[Result "1/2-1/2"]
[WhiteElo "2674"]
[BlackElo "2903"]
[TimeControl "180+1"]
[EndTime "16:05:19 PDT"]
[Termination "Game drawn by repetition"]

1. e4 c6 2. d4 d5 3. Nc3 dxe4 4. Nxe4 Nf6 5. Nxf6+ exf6 6. Bd3 Qxd4 7. Nf3 Qd8 8. O-O Be6 9. Re1 Be7 10. Nh4 g6 11.
Bh6 Rg8 12. Qe2 Nd7 13. Rad1 Qc7 14. Bc4 Ne5 15. Bxe6 fxe6 16. Nf3 Nxf3+ 17. Qxf3 Rd8 18. Rxe6 Rxd1+ 19. Qxd1 Qd7 20. Qe2 Kf7 21. Re3 Rd8 22.
Rd3 Qe6 23. Qxe6+ Kxe6 24. Rxd8 Bxd8 25. Be3 a5 26. Kf1 a4 27. Ke2 h5 28. Kd3 b5 29.
b3 Bc7 30. bxa4 bxa4 31. h3 Kd5 32. g4 f5 33. f3 Bd6 34. c4+ Ke6 35. c5 Bc7 36.
gxh5 gxh5 37. Kc4 Ba5 38. Bf4 Be1 39. Bc7 Kf6 40. Bd8+ Ke5 41. Bc7+ Ke6 42. Bd6 Kf6 43. Bf4 Ba5 44. Kd4 Ke6 45. Kc4 Be1 46. Kd4 Kf6 47. Kc4 Ke7 48. Kd4 Ke6 49. Kc4 Ba5 50. Bg3 Bd2 51.
Bc7 Kf6 52. Bd8+ Ke5 53. Bc7+ Ke6 54. Kd3 Be1 55. Kc4 Kf7 56. Kd4 Kf6 57. Bd8+ Ke6 58. Bc7 Bf2+ 59. Kc4 Be1 60. Kd4 Bd2 61. Kd3 Bb4 62.
Kc4 Be1 1/2-1/2

[Event "Late-Titled-Tuesday-Blitz-March-26-2024"]
[Site "Chess.com"]
[Date "2024.03.26"]
[Round "11"]
[White "dennisodessa"]
[Black "BilicVladimir"]
[Result "1-0"]
[WhiteElo "2556"]
[BlackElo "2647"]
[TimeControl "180+1"]
[EndTime "16:05:24 PDT"]
[Termination "dennisodessa won by resignation"]

1. d4 d5 2. c4 c6 3. Nf3 Nf6 4. e3 a6 5. Nbd2 b5 6. cxd5 cxd5 7.
Bd3 Nc6 8. O-O Bb7 9. Nb3 e6 10. Bd2 Bd6 11. Rc1 Nd7 12. Nc5 Nxc5 13. dxc5 Bc7 14. a4 b4 15. Nd4 a5 16. Bb5 Qd7 17. e4 O-O 18. Be3 Rfc8 19. Qg4 Be5 20. exd5 Qxd5 21.
Nxc6 Bxc6 22. Rfd1 Qe4 23. Qxe4 Bxe4 24. Bd4 Bf4 25.
Be3 Be5 26. Bd4 Bf4 27. Be3 Bxe3 28. fxe3 Kf8 29. Rd7 Bc6 30. Rd6 Be8 31. e4 Rc7 32. e5 Ke7 33. Kf2 f6 34. Ke3 fxe5 35. Ke4 Rac8 36. Bxe8 Rxe8 37. Kxe5 Kf7 38. c6 Ree7 39. Rf1+ Ke8 40. Rc1 Kf7 41. Rd8 Kg6 42. Kd6 e5 43. Re1 Kf6 44. Rf1+ Kg6 45. Rd7 Rxc6+ 46. Kxc6 Re6+ 47. Rd6 Rf6 48. Rdxf6+ gxf6 49. Kd5 Kf7 50. b3 Ke7 51. g4 h6 52. h4 Kd7 53. h5 Ke7 54. Ke4 Ke6 55. Rc1 Kd6 56. Rc4 Kd7 57.
Kf5 Kd6 58. Kxf6 Kd5 59. g5 hxg5 60. Kxg5 e4 61. h6 e3 62. h7 e2 63. Rc1 Kd4 64. h8=Q+ Kd3 65. Qb2 e1=Q 66. Qc2+ Kd4 67. Rxe1 1-0

[Event "Late-Titled-Tuesday-Blitz-March-26-2024"]
[Site "Chess.com"]
[Date "2024.03.26"]
[Round "11"]
[White "NMJeevanK"]
[Black "ChessQueen"]
[Result "0-1"]
[WhiteElo "2617"]
[BlackElo "2699"]
[TimeControl "180+1"]
[EndTime "16:05:27 PDT"]
[Termination "ChessQueen won by resignation"]

1. e4 c6 2. d4 d5 3. exd5 cxd5 4. Bd3 Nc6 5. c3 Nf6 6. Bf4 g6 7. h3 Bf5 8. Be2 Bg7 9. Nf3 O-O 10. O-O Nd7 11. Re1 Re8 12. Bf1 a5 13. a4 Qb6 14.
Qd2 e5 15. dxe5 Ndxe5 16. Nxe5 Nxe5 17. Na3 Rad8 18. Bb5 Re6 19. Re2 d4 20. Rd1 Nc6 21. Rxe6 Bxe6 22. cxd4 Rxd4 23. Qc1 Rxd1+ 24. Qxd1 Bxb2 25.
Nc4 Bxc4 26. Bxc4 Bd4 27. Bg3 Kg7 28. Qf3 f6 29. Qd5 Qd8 30. Qf7+ Kh6 31. Bf4+ g5 32. Bd3 Qe7 33. Qxe7 Nxe7 34. Bd2 b6 35. Kf1 Kg7 36.
Ke2 Nd5 37. Bb5 Kf7 38. Bc4 Ke6 39. Kd3 Ke5 40. Be1 Nf4+ 41. Kc2 Nxg2 42. Bd2 Nh4 43. Bg8 Bxf2 44. Bxh7 Bd4 45. Kd3 Nf3 46. Bc1 Ne1+ 47. Ke2 Ng2 48. Kf3 Nh4+ 49. Kg4 Bc3 50. Bc2 Bd4 51.
Bd2 Ng2 52. Kf3 Nh4+ 53. Kg4 Kd5 54. Bxg5 fxg5 55. Kxg5 Nf3+ 56. Kg4 Ne5+ 57. Kf5 Nf3 58. Kg4 Ne1 59. Bb3+ Kc5 60. h4 Kb4 61. Bd1 Kc3 62.
h5 Nd3 63. Bf3 Nf2+ 64. Kg5 Kb4 65. Bc6 Nd3 66. Be8 Nc5 67. h6 Nxa4 68. Kg6 Nc5 69. Kf7 a4 70. Kg8 a3 71. Bf7 Kc3 72. h7 b5 73. Ba2 b4 0-1

[Event "Late-Titled-Tuesday-Blitz-March-26-2024"]
[Site "Chess.com"]
[Date "2024.03.26"]
[Round "11"]
[White "BozeKat"]
[Black "martinmena"]
[Result "0-1"]
[WhiteElo "2081"]
[BlackElo "2186"]
[TimeControl "180+1"]
[EndTime "16:05:29 PDT"]
[Termination "martinmena won on time"]

1. c4 e6 2. e4 c6 3. Nc3 d5 4.
cxd5 cxd5 5. exd5 exd5 6. d4 Nf6 7. Bg5 Be7 8. Nf3 O-O 9. Be2 Bg4 10. h3 Bh5 11. O-O Nc6 12. Re1 h6 13. Bh4 Ne4 14.
Bxe7 Nxc3 15. Bxd8 Nxd1 16. Bh4 Nxb2 17. Rab1 Nc4 18. Rxb7 Rab8 19. Reb1 Bxf3 20. Rxb8 Rxb8 21.
Rxb8+ Nxb8 22. Bxf3 Nb6 23. Bd8 Nc6 24. Bxb6 axb6 25.
Bxd5 Nxd4 26. Kf1 Kf8 27. Ke1 Ke7 28. Kd2 f6 29. Kd3 Nf5 30. Kc4 Kd6 31. Be4 Ne7 32.
Kb5 Kc7 33. a4 Nc8 34. Bf3 Nd6+ 35. Kb4 Kd7 36. Kc3 Ke6 37. Kd4 Nf5+ 38. Kc4 Nd6+ 39. Kd4 g6 40. Bd5+ Kd7 41. Bf3 Nf5+ 42. Kd5 Ne7+ 43.
Kc4 Kd6 44. Kb5 Kc7 45. Kc4 Nf5 46. Kd5 Ng7 47. Be4 g5 48. g4 Kd7 49. Kc4 Ne8 50.
Kd5 Nc7+ 51. Kc4 Kd6 52. Kd4 Ne6+ 53. Ke3 Nf4 54. Bf5 Nxh3 55. Kd4 Nf4 56. Kc4 Nd5 0-1